 Dungeon Crawl Stone Soup version 0.29-a0-322-g68df515428 (webtiles) character file.

Game seed: 11601643819358046651

2727 Ijustatesigmund the Arsonist (level 9, 0/48 HPs)
             Began as a Deep Elf Fire Elementalist on Apr 8, 2022.
             Engulfed by a cloud of flame (10 damage)
             ... on level 7 of the Dungeon.
             The game lasted 00:18:37 (9740 turns).

Ijustatesigmund the Arsonist (DEFE)                 Turns: 9740, Time: 00:18:38

Health: 0/48       AC:  4    Str:  5    XL:     9   Next: 40%
Magic:  26/31      EV: 12    Int: 25    God:
Gold:   982        SH: 11    Dex: 15    Spells: 16/23 levels left

rFire   + . .      SeeInvis .   c - +6 falchion of Responsibility {flame, rElec rC+ Stlth+}
rCold   . . .      Faith    .   x - +1 buckler
rNeg    . . .      Spirit   .   a - +0 robe
rPois   .          Reflect  +   (no helmet)
rElec   +          Harm     .   (no cloak)
rCorr   .          Rampage  .   (no gloves)
Will    .....                   d - +1 pair of boots
Stlth   +++.......              r - amulet of reflection
HPRegen 0.16/turn               v - ring of magical power
MPRegen 0.22/turn               y - ring of fire

@: no status effects
A: no striking features
a: no special abilities


You were on level 7 of the Dungeon.
You visited 2 branches of the dungeon, and saw 9 of its levels.

You collected 1268 gold pieces.
You spent 286 gold pieces at shops.

Inventory:

Hand Weapons
 c - the +6 falchion of Responsibility (weapon) {flame, rElec rC+ Stlth+}
   (You bought it in a shop on level 1 of the Dungeon)

   It burns those it strikes, dealing additional fire damage.
   Big, fiery blades are also staple armaments of hydra-hunters.
   rC:        It protects you from cold.
   rElec:     It insulates you from electricity.
   Stlth:     It makes you more stealthy.
 w - the +9 mace of Suicidal Tendencies {spect, rN+ SInv}
   (You took it off a gnoll on level 5 of the Dungeon)

   When its wielder attacks, the weapon's spirit leaps out and strikes again.
   The spirit shares a part of any damage it takes with its wielder.
   rN:        It protects you from negative energy.
   SInv:      It lets you see invisible.
Armour
 a - a +0 robe (worn)
 d - a +1 pair of boots (worn)
 x - a +1 buckler (worn)
Jewellery
 r - an amulet of reflection (around neck)
 v - a ring of magical power (left hand)
 y - a ring of fire (right hand)
 C - a ring of ice
 D - a ring of willpower
Wands
 j - a wand of mindburst (16)
 p - a wand of charming (6)
 A - a wand of acid (6)
Scrolls
 e - a scroll of summoning
 g - a scroll of magic mapping
 i - 7 scrolls of teleportation
 q - a scroll of amnesia
 s - a scroll of fog
 t - a scroll of torment
 u - 2 scrolls of immolation
 B - 3 scrolls of enchant armour
Potions
 b - 3 potions of magic
 f - 2 potions of brilliance
 h - a potion of haste
 k - 2 potions of curing
 l - 2 potions of flight
 m - a potion of attraction {unknown}
 n - a potion of might
 z - 2 potions of cancellation


   Skills:
 - Level 2.0 Fighting
 - Level 2.1 Long Blades
 - Level 2.4 Dodging
 - Level 2.4 Stealth
 - Level 3.7 Shields
 + Level 7.9 Spellcasting
 + Level 7.5 Conjurations
 + Level 8.1 Fire Magic
 + Level 2.1 Evocations


You had 16 spell levels left.
You knew the following spells:

 Your Spells              Type           Power      Damage    Failure   Level
a - Foxfire               Conj/Fire      100%       2x1d9     1%          1
b - Scorch                Fire           100%       2d10      1%          2
c - Flame Wave            Conj/Fire      65%        2d12      3%          4

Your spell library contained the following spells:

 Spells                   Type           Power      Damage    Failure   Level
 Shock                    Conj/Air       100%       1d9       1%          1
 Conjure Flame            Conj/Fire      65%        6-21      1%          3
 Inner Flame              Hex/Fire       45%        N/A       4%          3
 Animate Skeleton         Necr           18%        N/A       9%          1
 Pain                     Necr           36%        1d5       9%          1
 Gell's Gravitas          Tloc           9%         N/A       24%         3
 Lesser Beckoning         Tloc           9%         N/A       24%         3
 Swiftness                Air            9%         N/A       24%         3
 Teleport Other           Tloc           9%         N/A       24%         3
 Vampiric Draining        Necr           9%         2d6       24%         3
 Airstrike                Air            4%         N/A       63%         4


Dungeon Overview and Level Annotations

Branches:
Dungeon (8/15)             Temple (1/1) D:7
   Lair: D:8-11

Altars:
Ashenzari
Elyvilon
Fedhas
Gozag
Hepliaklqana
Kikubaaqudgha
Makhleb
Nemelex Xobeh
Okawaru
Qazlal
Sif Muna
Trog
Uskayaw
Vehumet
Wu Jian
Xom
Yredelemnul
Zin
Beogh

Shops:
D:1 (   D:4 *   D:7 [!=(

Annotations:
D:6 3 runed translucent doors, oberejnoburuli's ghost, novice HuAM


Message History

The flame wave engulfs the water moccasin zombie.
The water moccasin zombie is moderately damaged.
The flame wave engulfs the wyvern zombie!!
The wyvern zombie is heavily damaged.
The flame wave engulfs the wyvern zombie!
The wyvern zombie is lightly damaged.
The flame wave engulfs the bullfrog zombie!
The bullfrog zombie is heavily damaged.
The tree burns like a torch!
You block the water moccasin zombie's attack.
The wyvern zombie barely misses you.
The wyvern zombie is engulfed in a forest fire.
The wyvern zombie bites you! The water moccasin zombie bites you.
Okay, then.
You feel much better.
You are engulfed in blazing flames.
You resist.
The wyvern zombie is engulfed in blazing flames.
The wyvern zombie bites you!
The wyvern zombie is engulfed in a forest fire.
You block the wyvern zombie's attack. The water moccasin zombie bites you.
The wyvern zombie is engulfed in blazing flames.
The wyvern zombie bites you!
* * * LOW HITPOINT WARNING * * *
The bullfrog zombie is engulfed in a forest fire.
Okay, then.
You feel better.
You are engulfed in blazing flames.
You resist.
* * * LOW HITPOINT WARNING * * *
The wyvern zombie is engulfed in a forest fire.
The wyvern zombie bites you.
* * * LOW HITPOINT WARNING * * *
The wyvern zombie is engulfed in blazing flames.
You destroy the wyvern zombie!
The water moccasin zombie is engulfed in blazing flames.
You block the water moccasin zombie's attack.
The bullfrog zombie is engulfed in blazing flames.
You destroy the bullfrog zombie!
The wyvern zombie is engulfed in a forest fire.
The wyvern zombie closely misses you.
Your Evocations skill increases to level 2!
You are engulfed in blazing flames.
You resist.
You die...

#..........###.>..#
#.#..#..#...#
##........>##.....#
#############
##....######.....#
###### ##....##
##....## ......#
####§.## ##§§§§.###
#.@§§§.♣.##
#.§ZZ§§.♣..##
#....§§§§♣..♣.##
#...♣♣...♣♣....#######
##♣♣ ♣._...♣.......)..
♣......♣...######
♣♣♣♣♣...#...#
..♣.####..# ♣...# #..#


You could see a water moccasin zombie and a wyvern zombie.

Vanquished Creatures
  2 sky beasts
  A hornet zombie (D:7)
  2 black bears
  An ice beast (D:7)
  2 orc warriors
  An ogre (D:7)
  2 centaurs
  2 phantoms
  A kobold brigand (D:7)
  3 bullfrogs
  2 necrophages (D:6)
  3 scorpions
  A wyvern zombie (D:7)
  A howler monkey (D:7)
  A centaur zombie (D:7)
  2 bullfrog zombies (D:7)
  3 hounds
  3 jellies
  4 orc priests
  A gnoll shaman (D:7)
  6 iguanas
  5 orc wizards
  4 gnolls
  5 adders
  2 shadow imps
  A white imp (D:6)
  A worm (D:4)
  2 dart slugs (D:2)
  32 orcs
  6 bats
  7 endoplasms
  10 giant cockroaches
  6 goblins
  6 hobgoblins
  7 kobolds
  A quokka (D:4)
  5 ball pythons
  6 frilled lizards
  8 rats
158 creatures vanquished.

Vanquished Creatures (others)
  517 foxfires
517 creatures vanquished.

Grand Total: 675 creatures vanquished

Notes
Turn   | Place    | Note
-------+----------+-------------------------------------------
     0 | D:1      | Ijustatesigmund the Deep Elf Fire Elementalist began the
                  | quest for the Orb.
     0 | D:1      | Reached XP level 1. HP: 10/10 MP: 6/6
    79 | D:1      | Found Medam's Antique Weapon Shoppe.
   154 | D:1      | Reached XP level 2. HP: 15/15 MP: 5/8
   591 | D:1      | Reached XP level 3. HP: 16/19 MP: 6/10
   851 | D:1      | Learned a level 2 spell: Scorch
  1527 | D:2      | Identified a scroll of acquirement
  1527 | D:2      | Acquired 912 gold pieces
  1579 | D:1      | Bought an ancient falchion for 136 gold pieces
  1579 | D:1      | Identified the +6 falchion of Responsibility {flame, rElec
                  | rC+ Stlth+} (You bought it in a shop on level 1 of the
                  | Dungeon)
  1631 | D:2      | Reached skill level 4 in Fire Magic
  1812 | D:2      | Reached XP level 4. HP: 24/24 MP: 12/12
  2205 | D:3      | Learned a level 4 spell: Flame Wave
  2659 | D:3      | Reached skill level 1 in Long Blades
  3051 | D:3      | Reached XP level 5. HP: 28/28 MP: 10/13
  3238 | D:3      | Found an ornate altar of the Wu Jian Council.
  3663 | D:4      | Reached skill level 5 in Spellcasting
  3771 | D:4      | Found Tuli Hoydom's Lightly-Used Armoury.
  3888 | D:4      | Found a blossoming altar of Fedhas.
  3995 | D:4      | Reached XP level 6. HP: 32/32 MP: 15/15
  4516 | D:5      | Entered Level 5 of the Dungeon
  4771 | D:5      | Reached skill level 5 in Fire Magic
  4862 | D:5      | Reached skill level 1 in Fighting
  4884 | D:5      | Reached XP level 7. HP: 38/38 MP: 8/17
  5483 | D:5      | Identified the +9 mace of Suicidal Tendencies {spect, rN+
                  | SInv}
  6083 | D:6      | Found a shimmering altar of Xom.
  6093 | D:6      | Reached skill level 6 in Fire Magic
  6249 | D:6      | Found a shimmering blue altar of Sif Muna.
  6444 | D:6      | Reached skill level 5 in Conjurations
  6476 | D:6      | Reached skill level 1 in Shields
  6516 | D:6      | Reached XP level 8. HP: 32/44 MP: 15/19
  6910 | D:6      | Found a runed translucent gate.
  6911 | D:6      | Found a runed translucent gate.
  6912 | D:6      | Found a runed translucent gate.
  6912 | D:6      | Noticed oberejnoburuli's ghost (novice HuAM)
  6913 | D:6      | Identified the +9 plate armour of the Fifty Lives {Rampage
                  | Fly rF- Dex+4}
  7041 | D:6      | Reached skill level 7 in Fire Magic
  7621 | D:7      | Found Kaczesch's Jewellery Shop.
  7741 | D:7      | Found a staircase to the Ecumenical Temple.
  7773 | Temple   | Entered the Ecumenical Temple
  8385 | D:7      | Found Xaxiy's Armour Boutique.
  8389 | D:7      | Found Qupriv's Distillery.
  8397 | D:7      | Bought a potion of might for 40 gold pieces
  8397 | D:7      | Bought a potion of curing for 30 gold pieces
  8397 | D:7      | Bought a potion of magic for 80 gold pieces
  8515 | D:7      | Found Dahyfu's Weapon Shop.
  8810 | D:8      | Reached XP level 9. HP: 39/48 MP: 21/21
  9420 | D:7      | Reached skill level 1 in Evocations
  9424 | D:7      | Reached skill level 8 in Fire Magic
  9725 | D:7      | Found a basalt altar of Yredelemnul.
  9740 | D:7      | Engulfed by a cloud of flame

Illustrated notes

Levels and vault maps discovered:
D:1:      lemuel_arrival_cross, layout_basic, serial_shops, shop
D:2:      layout_loops_cross, minmay_worlds_worst_comb
D:3:      layout_basic, pdpol_wu_jian_five_deadly_venoms, grunt_ministairs_1
D:4:      layout_gridville, fedhas_altar_4, minmay_crystal_room,
          minmay_shop_damaged
D:5:      layout_loops_corners, serial_glass, glass_columns_c, glass_columns_c
D:6:      layout_basic, jmf_multi_god_temple, biasface_ghost_orc_armoury
D:7:      minmay_razor_zed, layout_layer_cave, nicolae_yredelemnul_corpse_copse,
          temple_statues, serial_shops, nicolae_shop_trees,
          nicolae_shop_waterfront, nicolae_shop_advertising_works
          [nicolae_subvault_shop_adworks], nicolae_shop_bloodbath_and_beyond,
          shop, minmay_misc_feat_iff
D:8:      layout_rooms, kennysheep_generic_room_6
Temple:   oiseaux_autumnal_temple

Skill      XL: |  1  2  3  4  5  6  7  8  9 |
---------------+----------------------------+-----
Conjurations   | 2 3 4 5 6 7 |  7.5
Fire Magic     | 4 5 6 7 8 |  8.1
Spellcasting   | 4 5 6 7 |  7.9
Long Blades    | 1 2 |  2.1
Fighting       | 1 2 |  2.0
Shields        | 1 3 |  3.7
Evocations     | 2 |  2.1
Dodging        | |  2.4
Stealth        | |  2.4

Action                   |  1- 3 |  4- 6 |  7- 9 || total
-------------------------+-------+-------+-------++-------
Melee: Dagger            |     3 |       |       ||     3
       Falchion          |    12 |    21 |     6 ||    39
 Cast: Foxfire           |    50 |    69 |   189 ||   308
       Scorch            |       |     6 |    16 ||    22
       Flame Wave        |       |     1 |     6 ||     7
Evoke: Wand              |       |       |     5 ||     5
  Use: Scroll            |    10 |       |    10 ||    20
       Potion            |       |     1 |     5 ||     6
 Stab: Sleeping          |     2 |     1 |       ||     3
Armor: Robe              |    10 |     3 |    10 ||    23
Dodge: Dodged            |    27 |    19 |    31 ||    77
Block: Other             |       |     2 |     5 ||     7
       Reflection        |       |     1 |     2 ||     3
       Buckler           |       |       |    20 ||    20

Table legend: (Time is in decaauts)
 A = Elapsed time spent in this place.
 B = Non-inter-level travel time spent in this place.
 C = Inter-level travel time spent in this place.
 D = Time resting spent in this place.
 E = Time spent auto-exploring this place.
 F = Levels seen in this place.
 G = Mean time per level.
                   A        B        C        D        E       F      G
               +--------+--------+--------+--------+--------+-----+--------+
         Total |   9759 |   9417 |    342 |   2898 |   5319 |   9 | 1084.3 |
       Dungeon |   9438 |   9131 |    307 |   2898 |   5045 |   8 | 1179.8 |
        Temple |    321 |    286 |     35 |      0 |    274 |   1 |  321.0 |
               +--------+--------+--------+--------+--------+-----+--------+

Top non-repeatable levels by time:
     D:6: 1631 daAuts
     D:7: 1590 daAuts
     D:5: 1510 daAuts
     D:4: 1244 daAuts
     D:1: 1243 daAuts
     D:3: 1125 daAuts
     D:2: 909 daAuts
  Temple: 321 daAuts
     D:8: 183 daAuts
